 Dungeon Crawl Stone Soup version 0.16.1-18-g436b03c (webtiles) character file.

1937 Leviathan2552 the Ducker (level 8, 0/79 HPs)
             Began as a Troll Chaos Knight on May 5, 2015.
             Succumbed to a scorpion's poison
             ... on level 6 of the Dungeon.
             The game lasted 00:34:03 (4655 turns).

Leviathan2552 the Ducker (Troll Chaos Knight)       Turns: 4655, Time: 00:34:03

Health: 0/79       AC: 10    Str: 23    XL:     8   Next: 97%
Magic:  3/3        EV: 11    Int: 11    God:    Xom [...*..]
Gold:   308        SH:  0    Dex:  9    Spells: 0 memorised, 7 levels left

rFire  . . .     SeeInvis .     k - +6 quarterstaff (chaos) (curse)
rCold  . . .     Clarity  .     b - +2 robe
rNeg   . . .     SustAb   .     (shield restricted)
rPois  .         Gourm    +     (helmet restricted)
rElec  .         Spirit   .     d - +2 cloak
rCorr  .         Warding  .     (gloves unavailable)
rMut   .         Stasis   .     (boots unavailable)
MR     +++..                    (no amulet)
Stlth  +.........               J - ring of protection from magic
                                D - ring of the Mage {Wiz MR++ Int+3} (curse)

@: lethally poisoned (0 -> 0), extremely resistant to hostile enchantments, very
unstealthy
A: unfitting armour, claws 3, fast metabolism 3, gourmand, regeneration 2,
shaggy fur 1, tough skin 2, evolution 1
a: Renounce Religion


You were on level 6 of the Dungeon.
You worshipped Xom.
You were a favourite toy of Xom.
You were very full.

You visited 1 branch of the dungeon, and saw 6 of its levels.
You also visited: Ossuary.

You collected 308 gold pieces.

Inventory:

Hand weapons
 f - the +7 hand axe of the Jester {chaos, rF+ MR+ Str-5}
   (Xom gifted it to you on level 1 of the Dungeon)

   Each time it hits an enemy it has a different, random effect.
   It affects your strength (-5).
   It protects you from fire.
   It affects your resistance to hostile enchantments.
 k - a cursed +6 quarterstaff of chaos (weapon)
Armour
 b - a +2 robe (worn)
 d - a +2 cloak (worn)
 l - a +2 cloak
Jewellery
 n - an uncursed ring of teleport control
 p - a cursed amulet of the gourmand
 D - the cursed ring of the Mage (left claw) {Wiz MR++ Int+3}
   (You found it on level 4 of the Dungeon)

   [ring of wizardry]

   It improves your spell success rate.
   It affects your intelligence (+3).
   It affects your resistance to hostile enchantments.
   It has a curse placed upon it.
 E - an uncursed ring of ice
 I - an uncursed ring of stealth
 J - a ring of protection from magic (right claw)
Magical devices
 o - a wand of random effects (48)
 s - a wand of confusion (16)
 u - a wand of draining (9)
 A - a wand of slowing (20)
 K - a wand of draining (2)
Scrolls
 e - a scroll of noise {unknown}
 w - 2 scrolls of enchant armour
 y - a scroll of fog {unknown}
 B - 2 scrolls of remove curse
 G - a scroll of identify
 H - a scroll of amnesia
Potions
 h - 4 potions of curing
 j - 3 potions of might {unknown}
 m - a potion of brilliance {unknown}
 r - a potion of invisibility {unknown}
 t - a potion of berserk rage {unknown}
 v - a potion of cancellation {unknown}
 z - a potion of heal wounds {unknown}
 F - a potion of degeneration {unknown}
Books
 C - an Akashic Record {highlevel, unknown}

   This book is beyond your current level of understanding.

   Spells                             Type                      Level
   a - Dispersal                      Translocation                6
   b - Controlled Blink               Translocation                7
   c - Malign Gateway                 Summoning/Translocation      7
   d - Disjunction                    Translocation                8
   e - Singularity                    Translocation                9
Comestibles
 a - 8 meat rations
 c - 4 bread rations
 g - a slice of pizza
 i - 3 chunks of flesh
 q - 9 fruits
 x - 2 beef jerkies


   Skills:
 + Level 4.7 Fighting
 - Level 1.0 Axes
 * Level 5.3 Staves
 * Level 2.8 Armour
 + Level 5.6 Dodging
 + Level 1.5 Stealth
 - Level 3.5 Unarmed Combat


You had 7 spell levels left.
You didn't know any spells.

Dungeon Overview and Level Annotations

Branches:
Dungeon (6/15)             Temple (0/1) D:5

Altars:
Cheibriados
Elyvilon
Gozag
Makhleb
Okawaru
Sif Muna
Zin

Annotations:
Abyss:1 Sigmund


Innate Abilities, Weirdness & Mutations

You are too large for most types of armour.
You have claws for hands.
Your metabolism is lightning-fast.
You like to eat raw meat.
You heal very quickly.
You are covered in fur (AC +1).
You have very tough skin (AC +2).
You evolve.


Message History

* * * LOW HITPOINT WARNING * * *
Your crimson imp completely misses the orc warrior.
The centaur zaps a wand.
You resist with almost no effort.
The centaur shoots an arrow of frost.
The arrow of frost hits you!
* * * LOW HITPOINT WARNING * * *
The arrow of frost freezes you.
* * * LOW HITPOINT WARNING * * *
Your white imp hits the centaur.
Your white imp freezes the centaur.
Found a stone staircase leading up.
You see here an arrow of frost.
The centaur zaps a wand.
You resist with almost no effort.
Your crimson imp blinks!
The orc warrior hits your quasit with a flail of protection!
The centaur shoots an arrow of frost.
The arrow of frost hits you.
* * * LOW HITPOINT WARNING * * *
The arrow of frost freezes you.
* * * LOW HITPOINT WARNING * * *
You see here an arrow of frost.
You die...
Xom giggles madly!

#.................. # #
#.#.................. . ..
...#.................. . .#
#.....................
$###:#[###.#.....................
5.$..#.....#.....................
co#.. ..#........................
#(#$###.#................(.......
.(#....c#.......@....<...........
.5..5#.5.......(......... .......
.###.#5ยง......(......... .......
....5#..o5.............. .......
.....5......(....................
.................................
.................................
........)........................
##...............................


You could see a friendly quasit (paralysed).

Vanquished Creatures
  Grinder (D:4)
  A phantom (D:4)
  A boggart (D:2)
  The ghost of Badshaw the Insei, an average DsMo (D:4)
  An orc warrior (D:5)
  A centaur (D:5)
  An ogre (D:4)
  The ghost of ateoluz the Conjurer, an average DECj (D:3)
  2 giant frogs (D:6)
  2 wyvern skeletons (D:6)
  A scorpion (D:6)
  3 crimson imps
  Dowan (D:4)
  A centaur skeleton (D:6)
  2 hounds
  A giant frog zombie (D:5)
  2 orc priests
  2 orc wizards
  5 worker ants
  Ijyb (D:2)
  2 hound zombies
  3 mummies
  4 adders
  A shadow imp (D:5)
  4 worms
  2 adder skeletons
  4 giant geckos
  An ooze (D:4)
  12 orcs
  2 ball pythons
  A bat skeleton (D:4)
  A giant cockroach (D:4)
  13 hobgoblins
  7 jackals
  10 kobolds
  2 quokkas
  10 bats
  4 giant newts
  2 gnoll zombies (Ossuary)
  18 goblins
  2 hobgoblin zombies (Ossuary)
  3 orc zombies (Ossuary)
  17 rats
156 creatures vanquished.

Vanquished Creatures (collateral kills)
  Duvessa (D:4)
  Robin (D:4)
  A worm (D:4)
  8 goblins (D:4)
  A hobgoblin (D:4)
12 creatures vanquished.

Vanquished Creatures (others)
  An orc wizard (D:4)
  2 ufetubi (D:6)
  2 jackals (D:3)
  A quokka (D:3)
6 creatures vanquished.

Grand Total: 174 creatures vanquished

Notes
Turn   | Place    | Note
--------------------------------------------------------------
     0 | D:1      | Leviathan2552, the Troll Chaos Knight, began the quest for the Orb.
     0 | D:1      | Reached XP level 1. HP: 22/22 MP: 1/1
   157 | D:1      | Reached XP level 2. HP: 29/29 MP: 1/1
   217 | D:1      | XOM: silly message
   313 | D:1      | XOM: god gift: pitted hand axe {god gift}
   316 | D:1      | Got a pitted hand axe {god gift}
   317 | D:1      | Identified the +7 hand axe of the Jester {chaos, rF+ MR+ Str-5} (Xom gifted it to you on level 1 of the Dungeon)
   549 | D:1      | Reached skill level 1 in Dodging
   676 | D:2      | Reached XP level 3. HP: 36/36 MP: 2/2
   801 | D:2      | Noticed Crazy Yiuf
   804 | D:2      | Paralysed by Crazy Yiuf for 3 turns
   809 | D:2      | Noticed Crazy Yiuf
   809 | D:2      | Crazy Yiuf changed into Crazy Yiuf the boggart
   815 | D:2      | Killed Crazy Yiuf the boggart
   815 | D:2      | Reached skill level 1 in Axes
   815 | D:2      | Reached XP level 4. HP: 19/45 MP: 2/2
   869 | D:2      | XOM: swap monsters
  1115 | D:2      | Noticed Ijyb
  1121 | D:2      | Killed Ijyb
  1121 | D:2      | Reached XP level 5. HP: 51/53 MP: 2/2
  1211 | D:2      | XOM: 3-stop teleportation journey
  1306 | D:3      | XOM: 1-stop teleportation journey
  1324 | D:3      | XOM: 5-stop teleportation journey
  1413 | D:3      | XOM: destruction
  1454 | D:3      | Noticed ateoluz's ghost (average DECj)
  1491 | D:2      | XOM: give mutations
  1491 | D:2      | Gained mutation: You have a pair of small horns on your head. [Xom's grace]
  1491 | D:2      | Gained mutation: You evolve. [Xom's grace]
  1522 | D:2      | XOM: god gift: 6 meat rations
  1557 | D:3      | Killed ateoluz's ghost
  1557 | D:3      | Reached skill level 1 in Staves
  1591 | D:3      | XOM: vitrification
  1628 | D:3      | Reached XP level 6. HP: 59/61 MP: 3/3
  1840 | D:3      | Found a snail-covered altar of Cheibriados.
  1874 | D:3      | XOM: fake destruction
  1987 | D:3      | Gained mutation: You can spit poison. [evolution]
  2075 | D:4      | Noticed Duvessa
  2076 | D:4      | Noticed Dowan
  2090 | D:4      | Killed Dowan
  2215 | D:4      | XOM: summons 6 friendly demons
  2218 | D:4      | Noticed Robin
  2220 | D:4      | Killed Duvessa
  2230 | D:4      | Killed Robin
  2330 | D:4      | Found a deep blue altar of Sif Muna.
  2346 | D:4      | Found an iron altar of Okawaru.
  2480 | D:4      | Found a glowing silver altar of Zin.
  2521 | D:4      | Noticed Badshaw's ghost (average DsMo)
  2521 | D:4      | Found an opulent altar of Gozag.
  2521 | D:4      | XOM: 2-stop teleportation journey
  2554 | D:4      | Noticed Sigmund
  2564 | D:4      | Banished Sigmund
  2564 | D:4      | Reached XP level 7. HP: 47/68 MP: 3/3
  2585 | D:4      | Reached skill level 1 in Stealth
  2646 | D:4      | Noticed Grinder
  2646 | D:4      | Reached skill level 4 in Dodging
  2653 | D:4      | XOM: confuse monster(s)
  2659 | D:4      | Killed Grinder
  2691 | D:4      | Killed Badshaw's ghost
  2875 | D:4      | Found a white marble altar of Elyvilon.
  2902 | D:4      | XOM: divine lightning (protected)
  2915 | D:4      | XOM: give mutations
  2915 | D:4      | Gained mutation: You are partially covered in yellow scales (AC +2). [Xom's grace]
  2915 | D:4      | Gained mutation: You have a beak for a mouth. [Xom's grace]
  2917 | D:4      | XOM: fake destruction
  2923 | D:4      | Reached XP level 8. HP: 33/78 MP: 3/3
  3169 | D:5      | Entered Level 5 of the Dungeon
  3186 | D:5      | Found a staircase to the Ecumenical Temple.
  3249 | D:5      | XOM: divination: magic mapping
  3323 | D:5      | Reached skill level 5 in Dodging
  3323 | D:5      | XOM: god gift: 61 gold pieces
  3406 | D:5      | XOM: harmless Summ miscast
  3538 | D:5      | Found a sand-covered staircase.
  3543 | Ossuary  | Entered an ossuary
  3565 | Ossuary  | Noticed cscommando's ghost (average MiGl)
  3578 | Ossuary  | XOM: mild Tloc miscast
  3593 | Ossuary  | HP: 3/79 [cscommando's ghost (17)]
  3594 | Ossuary  | XOM: summons 2 friendly demons
  3594 | Ossuary  | Xom revived you
  3885 | D:5      | XOM: vitrification
  4361 | D:6      | Lost mutation: You can spit poison. [potion of cure mutation]
  4361 | D:6      | Lost mutation: You have a beak for a mouth. [potion of cure mutation]
  4361 | D:6      | Lost mutation: You are partially covered in yellow scales (AC +2). [potion of cure mutation]
  4361 | D:6      | Lost mutation: You have a pair of small horns on your head. [potion of cure mutation]
  4363 | D:6      | Found a burning altar of Makhleb.
  4547 | D:6      | Reached skill level 5 in Staves
  4635 | D:6      | XOM: summons 8 friendly demons
  4654 | D:6      | HP: 3/79 [centaur/arrow of frost (4)]
  4654 | D:6      | HP: 1/79 [centaur/arrow of frost (2)]
  4655 | D:6      | Succumbed to a scorpion's poison

Action                   |  1- 3 |  4- 6 |  7- 9 || total
-------------------------+-------+-------+-------++-------
Melee: Unarmed           |    42 |       |       ||    42
       Hand axe          |    32 |       |       ||    32
       Quarterstaff      |       |   149 |   233 ||   382
 Abil: Spit Poison       |       |       |     1 ||     1
  Use: Scroll            |       |       |    12 ||    12
       Potion            |       |       |     2 ||     2
 Stab: Petrifying        |       |     1 |       ||     1
       Sleeping          |       |       |     1 ||     1
  Eat: Chunk             |    11 |    16 |    21 ||    48
